 Dungeon Crawl Stone Soup version 0.17.1-3-g152610e (webtiles) character file.

660 juanjsm the Sneak (level 7, -3/33 HPs)
             Began as a Spriggan Enchanter on Mar 17, 2016.
             Was a Follower of Ashenzari.
             Slain by an orc priest
             ... wielding a +0 club
              (4 damage)
             ... on level 6 of the Dungeon.
             The game lasted 00:27:23 (4001 turns).

juanjsm the Sneak (Spriggan Enchanter)              Turns: 4001, Time: 00:27:24

Health: -3/33      AC:  4    Str:  4    XL:     7   Next: 30%
Magic:  7/15       EV: 22    Int: 18    God:    Ashenzari [*.....]
Gold:   252        SH:  0    Dex: 21    Spells: 4 memorised, 7 levels left

rFire  . . .     SeeInvis +     a - +4 dagger (curse)
rCold  . . .     Clarity  .     b - +1 robe (curse)
rNeg   . . .     SustAt   .     (shield restricted)
rPois  .         Gourm    .     (helmet restricted)
rElec  .         Spirit   .     w - +0 cloak (curse)
rCorr  .         Warding  .     (gloves unavailable)
rMut   .         Stasis   .     (boots unavailable)
MR     ++...                    (no amulet)
Stlth  ++++......               z - ring of protection from magic (curse)
                                t - +4 ring of dexterity (curse)

@: about to teleport, very quick, very resistant to hostile enchantments,
stealthy
A: unfitting armour, see invisible, herbivore 3, speed 3, slow metabolism 2
a: Scrying, Renounce Religion


You were on level 6 of the Dungeon.
You worshipped Ashenzari.
Ashenzari was aware of your devotion.
You were not hungry.

You visited 1 branch of the dungeon, and saw 6 of its levels.
You also visited: Ossuary.

You collected 252 gold pieces.

Inventory:

Hand Weapons
 a - a cursed +4 dagger (weapon)
Armour
 b - a cursed +1 robe (worn)
 w - a cursed +0 cloak (worn)
Jewellery
 t - a cursed +4 ring of dexterity (left hand)
 z - a cursed ring of protection from magic (right hand)
Wands
 B - a wand of disintegration (18)
Scrolls
 g - a scroll of magic mapping {unknown}
 h - 2 scrolls of recharging
 o - 2 scrolls of teleportation
 v - a scroll of random uselessness {unknown}
 x - a scroll of curse jewellery
 y - a scroll of remove curse
 A - a scroll of fog {unknown}
 C - a scroll of blinking {unknown}
Potions
 e - a potion of lignification {unknown}
 f - 2 potions of might
 i - 3 potions of curing
 j - a potion of heal wounds {unknown}
 k - a potion of haste {unknown}
 l - a potion of magic {unknown}
 n - a potion of flight
 r - a potion of resistance {unknown}
 s - a potion of cure mutation {unknown}
 u - a potion of invisibility {unknown}
Books
 c - a book of Maledictions

   Spells                             Type                      Level
   a - Corona                         Hexes                        1
   b - Ensorcelled Hibernation        Hexes/Ice                    2
   c - Confuse                        Hexes                        3
   d - Tukima's Dance                 Hexes                        3
   e - Dazzling Spray                 Conjuration/Hexes            3
Comestibles
 d - 3 bread rations


   Skills:
 * Level 1.0 Fighting
 * Level 2.7 Short Blades
 * Level 5.2 Dodging
 * Level 7.3 Stealth
 * Level 5.0 Spellcasting
 * Level 5.9 Hexes
 + Level 1.1 Ice Magic


You had 7 spell levels left.
You knew the following spells:

 Your Spells              Type           Power        Failure   Level  Hunger
a - Corona                Hex            ####...      1%          1    None
b - Ensorcelled Hibernat  Hex/Ice        ###...       6%          2    #......
c - Confuse               Hex            ####....     3%          3    ##.....
d - Dazzling Spray        Conj/Hex       ###.....     14%         3    ##.....


Dungeon Overview and Level Annotations

Branches:
Dungeon (6/15)
 Temple: D:4-7

Altars:
Ashenzari
Kikubaaqudgha
Okawaru


Innate Abilities, Weirdness & Mutations

You are tiny and cannot use many weapons and most armour.
You have supernaturally acute eyesight.
You are a herbivore.
You cover ground extremely quickly.
You need consume almost no food.


Message History

You spit the orc like a pig!!!
You kill the orc!
The orc priest mumbles some strange prayers to Beogh against you.
Something smites you!
You hear a shout!
Casting: Ensorcelled Hibernation
Confirm with . or Enter, or press ? or * to list all spells.
Aiming: Ensorcelled Hibernation
Press: ? - help, Shift-Dir - straight line, f - orc priest
Aim: an orc priest, wielding a club and wearing a ring mail (chance to defeat MR: 48%)
The orc priest looks drowsy...
The orc priest shouts!
The orc priest calls down the wrath of Beogh upon you.
Something smites you!
* * * LOW HITPOINT WARNING * * *
You are too injured to fight recklessly!
Read which item? (? for menu, Esc to quit)
As you read the scroll of teleportation, it crumbles to dust.
You feel strangely unstable. The orc priest hits you with a club.
You die...

..##.# #.##.# #
#o##.# #.#####
#.##.### .....#
#>.....# ....
#.o#.#.# #.##
#o.....#
#..#########o#.#.#
#.#........@...†.#
#..#############.#
#..# .#
#..########## #
#....<.......
##.########## ...#
#####


You could see an orc priest and an orc wizard.

Vanquished Creatures
  A centaur (D:5)
  2 ogres (D:5)
  3 hounds
  3 iguanas
  A giant frog skeleton (D:5)
  3 worker ants
  An orc wizard (D:5)
  A mummy (D:4)
  A worker ant zombie (D:5)
  2 adders
  A shadow imp (D:5)
  An ooze (D:3)
  2 adder skeletons
  A worm (D:4)
  A giant gecko (D:1)
  6 orcs
  A ball python (D:2)
  11 bats
  5 giant cockroaches
  8 goblins
  10 hobgoblins
  2 jackals (D:1)
  3 quokkas
  2 giant newts
  6 kobolds
  A kobold zombie (Ossuary)
  A quokka zombie (Ossuary)
  A rat (D:3)
81 creatures vanquished.

Notes
Turn   | Place    | Note
--------------------------------------------------------------
     0 | D:1      | juanjsm the Spriggan Enchanter began the quest for the Orb.
     0 | D:1      | Reached XP level 1. HP: 9/9 MP: 5/5
   264 | D:1      | Reached XP level 2. HP: 5/13 MP: 5/7
   274 | D:1      | Learned a level 2 spell: Ensorcelled Hibernation
   852 | D:2      | Reached XP level 3. HP: 16/16 MP: 1/8
   857 | D:2      | Learned a level 3 spell: Confuse
  1535 | D:3      | Found a shattered altar of Ashenzari.
  1552 | D:3      | Became a worshipper of Ashenzari the Shackled
  1721 | D:3      | Reached XP level 4. HP: 18/21 MP: 5/10
  2098 | D:4      | Found a sand-covered staircase.
  2120 | Ossuary  | Entered an ossuary
  2270 | D:4      | Reached skill level 5 in Stealth
  2384 | D:4      | Reached XP level 5. HP: 24/24 MP: 5/11
  2664 | D:5      | Entered Level 5 of the Dungeon
  2669 | D:5      | Learned a level 3 spell: Dazzling Spray
  2775 | D:5      | Reached skill level 5 in Hexes
  2814 | D:5      | Reached * piety under Ashenzari
  2836 | D:5      | Found an iron altar of Okawaru.
  2920 | D:5      | Noticed a centaur
  2924 | D:5      | Found an ancient bone altar of Kikubaaqudgha.
  2928 | D:5      | Killed a centaur
  2928 | D:5      | Reached skill level 6 in Stealth
  2928 | D:5      | Reached XP level 6. HP: 27/29 MP: 9/13
  3072 | D:5      | Reached skill level 1 in Ice Magic
  3128 | D:5      | Noticed an ogre
  3135 | D:5      | Killed an ogre
  3135 | D:5      | Reached skill level 1 in Fighting
  3135 | D:5      | Reached skill level 7 in Stealth
  3135 | D:5      | Reached XP level 7. HP: 31/33 MP: 13/15
  3168 | D:5      | Reached skill level 5 in Dodging
  3614 | D:5      | Reached skill level 5 in Spellcasting
  4000 | D:6      | HP: 1/33 [orc priest/divine providence (16)]
  4001 | D:6      | Slain by an orc priest

Action                   |  1- 3 |  4- 6 |  7- 9 || total
-------------------------+-------+-------+-------++-------
Melee: Dagger            |    99 |    33 |    31 ||   163
 Cast: Corona            |    15 |     2 |     3 ||    20
       Ensorcelled Hiber |    17 |    15 |    13 ||    45
       Confuse           |       |     9 |     6 ||    15
  Use: Scroll            |     4 |     5 |     7 ||    16
       Potion            |       |       |     2 ||     2
 Stab: Sleeping          |    34 |    16 |     7 ||    57
       Confused          |       |     4 |     1 ||     5
  Eat: Bread ration      |       |     1 |       ||     1
